 Dungeon Crawl Stone Soup version 0.21.1-1-g345015f (webtiles) character file.

366 kae the Insei (level 6, -3/47 HPs)
             Began as a Gnoll Transmuter on May 31, 2018.
             Slain by Duvessa
             ... wielding a +0 short sword
              (7 damage)
             ... on level 3 of the Dungeon.
             The game lasted 00:06:03 (4586 turns).

kae the Insei (Gnoll Transmuter)                    Turns: 4586, Time: 00:06:03

Health: -3/47      AC:  4    Str: 12    XL:     6   Next: 68%
Magic:  14/14      EV: 15    Int: 15    God:
Gold:   183        SH:  0    Dex: 18    Spells: 9/15 levels left

rFire    + . .     SeeInvis .   j - +1 whip (vamp)
rCold    x . .     Gourm    .   (no shield)
rNeg     . . .     Faith    .   b - +0 robe
rPois    .         Spirit   .   r - +0 helmet
rElec    .         Reflect  .   (no cloak)
rCorr    .         Harm     .   s - +0 pair of gloves
MR       .....                  (no boots)
Stlth    ++........             (no amulet)
HPRegen  0.15/turn              f - ring of fire
MPRegen  0.14/turn              (no ring)

@: no status effects
A: distributed training, fangs 1, strong nose
a: no special abilities


You were on level 3 of the Dungeon.
You were not hungry.

You visited 1 branch of the dungeon, and saw 4 of its levels.

You collected 183 gold pieces.

Inventory:

Hand Weapons
 j - a +1 vampiric whip (weapon)
Missiles
 a - 59 arrows
Armour
 b - a +0 robe (worn)
 r - a +0 helmet (worn)
 s - a +0 pair of gloves (worn)
Jewellery
 d - a +2 ring of dexterity {unknown}
 f - a ring of fire (left hand)
 v - an uncursed ring of protection from cold {unknown}
Scrolls
 e - 2 scrolls of magic mapping
 l - a scroll of fog {unknown}
 m - a scroll of noise {unknown}
 o - 3 scrolls of enchant armour {unknown}
 q - a scroll of immolation {unknown}
 t - a scroll of remove curse {unknown}
 u - 2 scrolls of identify {unknown}
 w - a scroll of blinking {unknown}
Potions
 g - 4 potions of curing
 h - a potion of resistance {unknown}
 i - 2 potions of agility {unknown}
 k - a potion of cancellation {unknown}
 n - 2 potions of flight {unknown}
 x - a potion of heal wounds {unknown}
Books
 c - a book of Changes

   Spells                             Type                      Level
   a - Beastly Appendage              Transmutation                1
   b - Sticks to Snakes               Transmutation                2
   c - Spider Form                    Transmutation/Poison         3
   d - Ice Form                       Ice/Transmutation            4
   e - Blade Hands                    Transmutation                5
Comestibles
 p - 4 rations


   Skills:
 + Level 3.3 Fighting
 + Level 2.0 Short Blades
 + Level 2.0 Long Blades
 + Level 2.0 Axes
 + Level 2.0 Maces & Flails
 + Level 2.0 Polearms
 + Level 2.0 Staves
 + Level 2.0 Slings
 + Level 2.0 Bows
 + Level 2.0 Crossbows
 + Level 2.0 Throwing
 + Level 2.0 Armour
 + Level 5.0 Dodging
 + Level 2.0 Stealth
 + Level 2.0 Shields
 + Level 6.8 Unarmed Combat
 + Level 5.4 Spellcasting
 + Level 1.6 Conjurations
 + Level 1.6 Hexes
 + Level 1.6 Charms
 + Level 1.6 Summonings
 + Level 1.6 Necromancy
 + Level 1.6 Translocations
 + Level 4.1 Transmutations
 + Level 1.6 Fire Magic
 + Level 1.6 Ice Magic
 + Level 1.6 Air Magic
 + Level 1.6 Earth Magic
 + Level 1.6 Poison Magic
 + Level 2.2 Invocations
 + Level 2.0 Evocations


You had 9 spell levels left.
You knew the following spells:

 Your Spells              Type           Power        Failure   Level  Hunger
a - Beastly Appendage     Tmut           ###...       2%          1    None
b - Sticks to Snakes      Tmut           ###.....     4%          2    #......
c - Spider Form           Tmut/Pois      ##........   14%         3    ###....


Dungeon Overview and Level Annotations

Branches:
Dungeon (4/15)
 Temple: D:4-7

Altars:
Dithmenos
Gozag
Makhleb
Vehumet

Annotations:
D:3 Dowan; Duvessa
D:4 Mesmaeker13's ghost, novice GrFE; Natasha


Innate Abilities, Weirdness & Mutations

Your experience applies equally to all skills.
You have very sharp teeth.
Your uncanny sense of smell can sniff out nearby items.


Message History

The adder is almost dead.
Duvessa hits you with a short sword!
* * * LOW HITPOINT WARNING * * *
The adder barely misses you. Dowan closely misses you.
You hit the adder.
You feel better.
You kill the adder!
Duvessa hits you with a short sword.
* * * LOW HITPOINT WARNING * * *
Dowan gestures at you while chanting. The puff of frost hits you!
You feel a terrible chill!
* * * LOW HITPOINT WARNING * * *
Okay, then.
Dowan barely misses you.
You see here an adder corpse.
Dowan mumbles some strange words.
Dowan blinks!
As you read the scroll labeled JOENTA ZYNI, it crumbles to dust.
You feel momentarily disoriented.
It was a scroll of magic mapping.
Duvessa hits you with a short sword!
You die...

####### ### #..@e§# ##.##
######## #.###># ##.#.## .......#
#.# #.# ##.###.##
######.#######.###.# #.## ##..
#..............##.#######.###.##
#.....##(...............##.#.###
##.....#####....##.####≈.≈≈.≈≈...
#.......####.#.###.####...≈≈≈≈≈≈.
......#......#.# #..>....≈≈≈≈≈≈≈≈


You could see Duvessa.

Vanquished Creatures
  2 big kobolds (D:3)
  An orc priest (D:4)
  An orc wizard (D:4)
  2 worker ants (D:3)
  3 adders
  An ooze (D:3)
  3 dart slugs
  2 leopard geckos (D:2)
  2 orcs
  7 giant cockroaches
  7 hobgoblins
  10 jackals
  7 bats
  3 frilled lizards
  6 goblins
  15 kobolds
  6 rats
78 creatures vanquished.

Vanquished Creatures (collateral kills)
  A goblin (D:1)
  A kobold (D:1)
2 creatures vanquished.

Grand Total: 80 creatures vanquished

Notes
Turn   | Place    | Note
-------+----------+-------------------------------------------
     0 | D:1      | kae the Gnoll Transmuter began the quest for the Orb.
     0 | D:1      | Reached XP level 1. HP: 17/17 MP: 6/6
    54 | D:1      | Reached XP level 2. HP: 22/23 MP: 7/7
    61 | D:1      | Learned a level 2 spell: Sticks to Snakes
  1116 | D:2      | Reached XP level 3. HP: 28/28 MP: 9/9
  1208 | D:2      | Reached skill level 5 in Spellcasting
  1410 | D:2      | Reached skill level 1 in Invocations
  1717 | D:2      | Reached skill level 1 in Short Blades
  1717 | D:2      | Reached skill level 1 in Long Blades
  1717 | D:2      | Reached skill level 1 in Axes
  1717 | D:2      | Reached skill level 1 in Maces & Flails
  1717 | D:2      | Reached skill level 1 in Polearms
  1717 | D:2      | Reached skill level 1 in Staves
  1717 | D:2      | Reached skill level 1 in Slings
  1717 | D:2      | Reached skill level 1 in Bows
  1717 | D:2      | Reached skill level 1 in Crossbows
  1717 | D:2      | Reached skill level 1 in Throwing
  1717 | D:2      | Reached skill level 1 in Armour
  1717 | D:2      | Reached skill level 1 in Stealth
  1717 | D:2      | Reached skill level 1 in Shields
  1717 | D:2      | Reached skill level 1 in Evocations
  2033 | D:3      | Reached XP level 4. HP: 34/34 MP: 11/11
  2116 | D:3      | Found a faded altar of an unknown god.
  2737 | D:3      | Noticed a big kobold
  2740 | D:3      | Noticed a big kobold
  2777 | D:3      | Killed a big kobold
  2777 | D:3      | Reached skill level 1 in Conjurations
  2777 | D:3      | Reached skill level 1 in Hexes
  2777 | D:3      | Reached skill level 1 in Charms
  2777 | D:3      | Reached skill level 1 in Summonings
  2777 | D:3      | Reached skill level 1 in Necromancy
  2777 | D:3      | Reached skill level 1 in Translocations
  2777 | D:3      | Reached skill level 1 in Fire Magic
  2777 | D:3      | Reached skill level 1 in Ice Magic
  2777 | D:3      | Reached skill level 1 in Air Magic
  2777 | D:3      | Reached skill level 1 in Earth Magic
  2777 | D:3      | Reached skill level 1 in Poison Magic
  2777 | D:3      | Reached XP level 5. HP: 31/40 MP: 12/12
  2796 | D:3      | Killed a big kobold
  2796 | D:3      | Reached XP level 6. HP: 24/47 MP: 13/13
  2993 | D:3      | Found a shadowy altar of Dithmenos.
  3007 | D:3      | Found a burning altar of Makhleb.
  3021 | D:3      | Found an opulent altar of Gozag.
  3024 | D:3      | Found a radiant altar of Vehumet.
  3280 | D:3      | Learned a level 3 spell: Spider Form
  3329 | D:4      | Reached skill level 5 in Dodging
  3664 | D:4      | Noticed Duvessa
  3664 | D:4      | Noticed Dowan
  4185 | D:4      | Noticed Mesmaeker13's ghost (novice GrFE)
  4384 | D:4      | Noticed Natasha
  4586 | D:3      | Slain by Duvessa

Skill      XL: |  1  2  3  4  5  6 |
---------------+-------------------+-----
Spellcasting   | 5 |  5.4
Invocations    | 1 2 |  2.2
Short Blades   | 1 2 |  2.0
Long Blades    | 1 2 |  2.0
Axes           | 1 2 |  2.0
Maces & Flails | 1 2 |  2.0
Polearms       | 1 2 |  2.0
Staves         | 1 2 |  2.0
Slings         | 1 2 |  2.0
Bows           | 1 2 |  2.0
Crossbows      | 1 2 |  2.0
Throwing       | 1 2 |  2.0
Armour         | 1 2 |  2.0
Stealth        | 1 2 |  2.0
Shields        | 1 2 |  2.0
Evocations     | 1 2 |  2.0
Conjurations   | 1 |  1.6
Hexes          | 1 |  1.6
Charms         | 1 |  1.6
Summonings     | 1 |  1.6
Necromancy     | 1 |  1.6
Translocations | 1 |  1.6
Fire Magic     | 1 |  1.6
Ice Magic      | 1 |  1.6
Air Magic      | 1 |  1.6
Earth Magic    | 1 |  1.6
Poison Magic   | 1 |  1.6
Fighting       | 3 |  3.3
Transmutations | 4 |  4.1
Dodging        | 5 |  5.0
Unarmed Combat | |  6.8

Action                   |  1- 3 |  4- 6 || total
-------------------------+-------+-------++-------
Melee: Unarmed           |    59 |    24 ||    83
       Bite              |     8 |    23 ||    31
       Whip              |    59 |   205 ||   264
       Headbutt          |     2 |       ||     2
       Punch             |     1 |     6 ||     7
       Kick              |       |     6 ||     6
 Cast: Beastly Appendage |     7 |     3 ||    10
       Sticks to Snakes  |     4 |       ||     4
       Spider Form       |       |     3 ||     3
  Use: Scroll            |       |     1 ||     1
 Stab: Sleeping          |     6 |     2 ||     8
       Distracted        |     1 |       ||     1
  Eat: Ration            |     2 |     1 ||     3
       Chunk             |     1 |     6 ||     7
Armor: Robe              |    14 |    42 ||    56
       Skin              |       |     1 ||     1
Dodge: Dodged            |   117 |   227 ||   344
